 Dungeon Crawl Stone Soup version 0.18-a0-1542-g9c1a92e (webtiles) character file.

592 dvd the Ruffian (level 7, -11/60 HPs)
             Began as a Ghoul Monk on Mar 10, 2016.
             Was a Follower of Ru.
             Mangled by a wight
             ... wielding a +3 great sword
              (12 damage)
             ... on level 8 of the Dungeon.
             The game lasted 00:12:48 (3850 turns).

dvd the Ruffian (Ghoul Monk)                        Turns: 3850, Time: 00:12:48

Health: -11/60     AC:  7    Str: 17    XL:     7   Next: 39%
Magic:  6/6        EV: 11    Int:  5    God:    Ru [*.....]
Gold:   289        SH:  0    Dex: 13    Spells: 0 memorised, 6 levels left

rFire  . . .     SeeInvis .       - Unarmed
rCold  + . .     Gourm    .     c - +0 scale mail
rNeg   + + +     Faith    +     (no shield)
rPois  ∞         Spirit   .     (no helmet)
rElec  .         Dismiss  .     f - +0 cloak
rCorr  .         Reflect  .     (no gloves)
SustAt .         Harm     .     (no boots)
MR     .....                    k - amulet of faith
Stlth  +.........               (no ring)
                                v - +2 ring of strength

@: rotting, not resistant to hostile enchantments, very unstealthy
A: rotting body, claws 1, carnivore 3, cold resistance 1, negative energy
resistance 3, slow regeneration 1, torment resistance, unbreathing, no air
magic, no translocations magic, no transmutations magic
a: Renounce Religion


You were on level 8 of the Dungeon.
You worshipped Ru.
Ru was aware of your devotion.
You were not hungry.

You visited 2 branches of the dungeon, and saw 7 of its levels.

You collected 289 gold pieces.

Inventory:

Armour
 a - a +0 robe
 c - a +0 scale mail (worn)
 f - a +0 cloak (worn)
 o - a +0 chain mail
Jewellery
 k - an amulet of faith (around neck)
 v - a +2 ring of strength (left claw)
Wands
 h - a wand of digging (3/24)
 s - a wand of polymorph (11/24)
Scrolls
 d - a scroll of enchant weapon {unknown}
 e - a scroll of teleportation {unknown}
 i - 6 scrolls of remove curse {unknown}
 j - a scroll of immolation {unknown}
 l - a scroll of magic mapping
 p - a scroll of fear {unknown}
 q - 2 scrolls of identify
 t - a scroll of random uselessness {unknown}
 x - 2 scrolls of fog {unknown}
 y - a scroll of amnesia {unknown}
 A - a scroll of enchant armour {unknown}
Potions
 m - a potion of cure mutation {unknown}
 n - 3 potions of curing {unknown}
 r - a potion of cancellation {unknown}
 u - a potion of lignification {unknown}
 z - a potion of resistance {unknown}
Comestibles
 b - 4 meat rations
 g - a slice of pizza
 w - 2 beef jerkies
 B - 2 chunks of flesh


   Skills:
 + Level 4.5 Fighting
 + Level 2.9 Armour
 + Level 4.3 Dodging
 + Level 3.0 Stealth
 + Level 6.6 Unarmed Combat


You had 6 spell levels left.
You didn't know any spells.

Dungeon Overview and Level Annotations

Branches:
Dungeon (5/15)             Temple (1/1) D:4            Lair (0/8) D:8

Altars:
Cheibriados
Dithmenos
Elyvilon
Fedhas
Gozag
Kikubaaqudgha
Makhleb
Nemelex Xobeh
Okawaru
Pakellas
Ru
Sif Muna
Vehumet
Xom
Zin
The Shining One

Shops:
D:4 [


Innate Abilities, Weirdness & Mutations

Your body is rotting away.
You thrive on raw meat.
You are immune to poison.
You have sharp fingernails.
You are carnivorous and can eat meat at any time.
Your flesh is cold resistant.
You are immune to negative energy.
You regenerate slowly when monsters are visible.
You are immune to unholy pain and torment.
You can survive without breathing.
You cannot study or cast Air magic.
You cannot study or cast Translocations magic.
You cannot study or cast Transmutations magic.


Message History

3 killer bees come into view.
Read which item? (? for menu, Esc to quit)
As you read the scroll labeled TOHAQU ZIUME, it crumbles to dust.
It is a scroll of identify.
Identify which item? (\ to view known items) (? for menu, Esc to quit)
s - a wand of polymorph (11/24)
The killer bee buzzes angrily. x3
The killer bee barely misses you. The killer bee misses you.
The killer bee stings you but does no damage.
The killer bee barely misses you. x3
Read which item? (? for menu, Esc to quit)
As you read the scroll labeled IWOLU EFUA, it crumbles to dust.
You feel aware of your surroundings.
It was a scroll of magic mapping.
The killer bee stings you.
* * * LOW HITPOINT WARNING * * *
The killer bee stings you!
* * * LOW HITPOINT WARNING * * *
The killer bee closely misses you. x3
The wight hits you with an enchanted great sword!
You die...

*,,*,** #.....,##..z..##,,
**,*,* ##....,,###...###.,
*,,.#####....####Kzo.......
**,....#.....h.Ko..........
*,.....z.>.#####K.........
*,*.....###....oh.........
*,*.##..###z######.###...#
*,*,##..z.#h# #.#**.###
*,*,#...y@yS#** *#..,,,#
****,*,#.#.#yyZ..#**,...,,*
*,,,,*,,!...yyl......,...****
*,,,,*.........y.....,,,,,,,,
*,,,,....y....#.##...,,,,***,
*,,,*#......####y*##y,,,,* **
*,,,*#......*,*,#.*,,,,,,*
*,,,**.....#**,*,#y**,,,,*
******,,,,,**,*,*,***,,***


You could see a warg, 10 killer bees, a wight, an adder, a hound zombie and a
giant gecko.

Vanquished Creatures
  Grinder (D:3)
  A hound (D:4)
  An iguana (D:4)
  5 worker ants
  6 adders
  7 gnolls
  An ooze (D:4)
  An adder skeleton (D:3)
  4 worms
  3 dart slugs
  2 giant geckos (D:3)
  An orc (D:4)
  2 giant cockroaches
  12 goblins
  8 hobgoblins
  8 jackals
  2 quokkas
  2 ball pythons (D:4)
  8 bats
  2 giant newts (D:2)
  13 kobolds
  A quokka skeleton (D:4)
  13 rats
104 creatures vanquished.

Notes
Turn   | Place    | Note
--------------------------------------------------------------
     0 | D:1      | dvd the Ghoul Monk began the quest for the Orb.
     0 | D:1      | Reached XP level 1. HP: 19/19 MP: 0/0
    72 | D:1      | Reached XP level 2. HP: 2/26 MP: 1/1
   354 | D:1      | Reached XP level 3. HP: 28/33 MP: 2/2
   456 | D:1      | Reached skill level 5 in Unarmed Combat
   835 | D:2      | Found a shimmering altar of Xom.
   837 | D:2      | Noticed an angel
   837 | D:2      | Found a glowing silver altar of Zin.
  1016 | D:2      | Reached XP level 4. HP: 39/39 MP: 3/3
  1188 | D:2      | Found a white marble altar of Elyvilon.
  1382 | D:2      | Reached skill level 1 in Armour
  1542 | D:3      | Reached XP level 5. HP: 42/46 MP: 4/4
  1690 | D:3      | Found a snail-covered altar of Cheibriados.
  1980 | D:3      | Noticed Grinder
  2011 | D:3      | Killed Grinder
  2011 | D:3      | Reached skill level 6 in Unarmed Combat
  2011 | D:3      | Reached XP level 6. HP: 31/53 MP: 5/5
  2516 | D:4      | Reached XP level 7. HP: 55/60 MP: 6/6
  2703 | D:4      | Found Beschull's Antique Armour Shop.
  2779 | D:4      | Found a staircase to the Ecumenical Temple.
  2787 | Temple   | Entered the Ecumenical Temple
  2887 | Temple   | Became a worshipper of Ru the Awakened
  2893 | Temple   | Gained mutation: You cannot study or cast Air magic. [Ru sacrifice]
  2893 | Temple   | Gained mutation: You cannot study or cast Transmutations magic. [Ru sacrifice]
  2893 | Temple   | Gained mutation: You cannot study or cast Translocations magic. [Ru sacrifice]
  2893 | Temple   | Reached * piety under Ru
  3240 | D:5      | Entered Level 5 of the Dungeon
  3281 | D:5      | Found an ancient bone altar of Kikubaaqudgha.
  3831 | D:5      | You fall through a shaft for 3 floors!
  3831 | D:8      | Found a staircase to the Lair.
  3831 | D:8      | Noticed a warg
  3831 | D:8      | Noticed a warg
  3831 | D:8      | Noticed a warg
  3850 | D:8      | HP: 1/60 [killer bee (7)]
  3850 | D:8      | Mangled by a wight

Vault maps used:
D:1:      lightli_arrival_statue_moat
D:2:      elyvilon_altar_3, grunt_temple_overflow_order_and_chaos_1
D:3:      lemuel_coloured_pillars_altar, uniq_grinder
D:4:      temple_statues, serial_shops, nicolae_shop_trees
D:5:      basic_altar, first_bread
D:8:      erik_lair_orcish_takeover, david_nohive_1
Temple:   temple_eino_lava_12

Skill      XL: |  1  2  3  4  5  6  7 |
---------------+----------------------+-----
Unarmed Combat | 5 6 |  6.6
Dodging        | 3 4 |  4.3
Fighting       | 4 |  4.5
Armour         | 1 2 |  2.9
Stealth        | 3 |  3.0

Action                   |  1- 3 |  4- 6 |  7- 9 || total
-------------------------+-------+-------+-------++-------
Melee: Unarmed           |   128 |   194 |    62 ||   384
Invok: Sacrifice Arcana  |       |       |     1 ||     1
  Use: Scroll            |       |       |     2 ||     2
  Eat: Chunk             |    13 |    21 |     9 ||    43
